 Dungeon Crawl Stone Soup version 0.27-a0-1565-gad902ab807 (webtiles) character file.

Game seed: 6817876967997903992

20038 snetch the Cleaver (level 12, -13/112 HPs)
             Began as a Minotaur Berserker on July 16, 2021.
             Was an Elder of Trog.
             Mangled by a two-headed ogre simulacrum (20 damage)
             ... on level 13 of the Dungeon.
             The game lasted 00:34:53 (15150 turns).

snetch the Cleaver (Minotaur Berserker)            Turns: 15150, Time: 00:34:54

Health: -13/112    AC: 12    Str: 29    XL:     12   Next: 41%
Magic:  0/11       EV: 11    Int:  4    God:    Trog [****..]
Gold:   813        SH:  9    Dex: 11    Spells: 11/11 levels left

rFire    . . .     SeeInvis +   b - +1 war axe (drain)
rCold    . . .     Faith    .   Y - +0 kite shield
rNeg     . . .     Spirit   +   T - +1 swamp dragon scales
rPois    +         Reflect  .   (helmet restricted)
rElec    .         Harm     .   O - scarf {+Inv}
rCorr    .         Rampage  .   M - +0 pair of gloves {archery}
Will     ++...                  (no boots)
Stlth    +.........             V - amulet of guardian spirit
HPRegen  1.28/turn              G - ring of see invisible
MPRegen  0.12/turn              U - ring of Erphujaq {Wiz Str+3}

@: strong-willed, on berserk cooldown, very slightly contaminated, regenerating,
slowed, very slow
A: horns 2, retaliatory headbutt
a: Renounce Religion, Evoke Invisibility, Berserk, Trog's Hand, Brothers in Arms


You were on level 13 of the Dungeon.
You worshipped Trog.
Trog was greatly pleased with you.
You visited 2 branches of the dungeon, and saw 14 of its levels.
You also visited: Sewer.

You collected 813 gold pieces.

Inventory:

Hand Weapons
 a - a +2 morningstar of draining
 b - a +1 war axe of draining (weapon)
 c - a +2 trident of venom
 S - a +2 vorpal scythe
 W - a +1 falchion of holy wrath
Missiles
 e - 19 boomerangs (quivered)
 f - 438 stones
 h - 107 bolts
 i - 290 arrows
 A - 33 poisoned darts
 E - 6 boomerangs of dispersal
Armour
 q - a +0 plate armour
 M - a +0 pair of gloves of archery (worn)
 N - +0 acid dragon scales
 O - a scarf of invisibility (worn)
 T - +1 swamp dragon scales (worn)
 Y - a +0 kite shield (worn)
Jewellery
 G - a ring of see invisible (left hand)
 U - the ring of Erphujaq (right hand) {Wiz Str+3}
   (You found it on level 11 of the Dungeon)

   [ring of wizardry]

   It improves your spell success rate.
   Str:       It affects your strength (+3).
 V - an amulet of guardian spirit (around neck)
Wands
 p - a wand of flame (19)
 z - a wand of polymorph (15)
 Q - a wand of iceblast (15)
Scrolls
 d - 2 scrolls of brand weapon {unknown}
 k - 2 scrolls of fear {unknown}
 l - 4 scrolls of teleportation
 s - 4 scrolls of blinking {unknown}
 u - a scroll of enchant weapon {unknown}
 y - 4 scrolls of identify {unknown}
 C - 2 scrolls of noise {unknown}
 D - 2 scrolls of fog {unknown}
 F - 2 scrolls of immolation {unknown}
 H - a scroll of enchant armour {unknown}
 K - 4 scrolls of torment {unknown}
 L - 3 scrolls of magic mapping {unknown}
 Z - a scroll of holy word {unknown}
Potions
 g - 4 potions of degeneration {unknown}
 j - 2 potions of haste {unknown}
 m - a potion of might {unknown}
 n - 3 potions of magic {unknown}
 o - 2 potions of heal wounds {unknown}
 r - a potion of mutation {unknown}
 t - 4 potions of lignification
 v - 4 potions of flight {unknown}
 w - 5 potions of curing
 x - 2 potions of attraction {unknown}
 B - 2 potions of invisibility {unknown}
 I - 3 potions of resistance
 J - 3 potions of berserk rage {unknown}
 P - a potion of experience {unknown}
 R - a potion of cancellation {unknown}


   Skills:
 + Level 11.9 Fighting
 + Level 13.6(14.7) Axes
 + Level 5.5(10.5) Maces & Flails
 + Level 8.0(11.8) Polearms
 + Level 3.0 Throwing
 + Level 10.4 Armour
 + Level 7.5 Dodging
 + Level 2.7 Stealth
 + Level 1.0 Shields
 + Level 2.0 Evocations


You had 11 spell levels left.
You didn't know any spells.
Your spell library contained the following spells:

 Spells                   Type           Power      Damage    Failure   Level
 Freeze                   Ice            0%         1d3       86%         1
 Conjure Flame            Conj/Fire      0%         6-21      99%         3
 Frozen Ramparts          Ice            0%         1d2       99%         3
 Ignite Poison            Fire/Tmut/Pois 0%         N/A       99%         3
 Fulminant Prism          Conj/Hex       0%         3d6       100%        4
 Hailstorm                Conj/Ice       0%         3d3       100%        4
 Ice Form                 Ice/Tmut       0%         N/A       100%        4
 Iskenderun's Mystic Bla  Conj/Tloc      0%         2d3       100%        4
 Sticky Flame             Conj/Fire      0%         2d3       100%        4
 Summon Ice Beast         Ice/Summ       0%         N/A       100%        4
 Lee's Rapid Deconstruct  Erth           0%         3d5*      100%        5


Dungeon Overview and Level Annotations

Branches:
Dungeon (13/15)            Temple (1/1) D:7            Lair (0/6) D:11
    Orc (0/2) D:10          Sewer (visited)
 Vaults: D:13-14

Altars:
Ashenzari
Cheibriados
Dithmenos
Elyvilon
Fedhas
Gozag
Hepliaklqana
Kikubaaqudgha
Makhleb
Nemelex Xobeh
Okawaru
Qazlal
Ru
Sif Muna
Trog
Uskayaw
Vehumet
Wu Jian
Xom
Yredelemnul
Zin
The Shining One

Shops:
D:12 (

Portals:
Ice
Cave: D:13

Annotations:
D:8 scroll and potion behind water
D:11 loot behind rock


Innate Abilities, Weirdness & Mutations

You have a pair of horns on your head.
You reflexively headbutt those who attack you in melee.


Message History

Your Shields skill increases to level 1!
Unknown command.
Things that are here:
a +0 long sword; a +0 ring mail; a +0 kite shield You feel a strong urge to attack something.
You are no longer berserk.
You are exhausted.
You feel yourself slow down.
You flicker back into view.
Your skin stops crawling.
You feel less strong-willed.
You slice the troll simulacrum!! You headbutt the troll simulacrum.
The troll simulacrum vapourises!
Trog accepts your kill.
A spriggan simulacrum comes into view.
Found a frozen archway.
A cane toad simulacrum comes into view.
You slash the two-headed ogre simulacrum!
The two-headed ogre simulacrum is moderately damaged.
The two-headed ogre simulacrum barely misses you.
You furiously retaliate!
You headbutt the two-headed ogre simulacrum!
The two-headed ogre simulacrum hits you.
* * * LOW HITPOINT WARNING * * *
The two-headed ogre simulacrum freezes you!
* * * LOW HITPOINT WARNING * * *
Your skin crawls.
You feel strong-willed.
A wolf simulacrum comes into view.
You block the two-headed ogre simulacrum's attack.
The two-headed ogre simulacrum closely misses you.
The spriggan simulacrum hits you.
* * * LOW HITPOINT WARNING * * *
The spriggan simulacrum freezes you!
* * * LOW HITPOINT WARNING * * *
It was a potion of curing.
You feel better.
You block the wolf simulacrum's attack. x2
The two-headed ogre simulacrum hits you!
* * * LOW HITPOINT WARNING * * *
The two-headed ogre simulacrum freezes you!!
You die...

##......#.##
#.......#..### #
#.......'....# #
#.......##.#)# #
#.......##...## # #
#.......##....##.##
#
##########........#
# #.......[# #
#..@Z....#
##.ZZ....#
#.......##
#...Z...# #.......#
#.........
#....Z..##.
###..∩...


You could see 2 wolf simulacra, a cane toad simulacrum, a spriggan simulacrum
and a two-headed ogre simulacrum.

Vanquished Creatures
  A hydra (D:12)
  A centaur warrior (D:12)
  4 two-headed ogres
  A tengu warrior (D:13)
  A deep elf pyromancer (D:11)
  A cyclops (D:13)
  2 manticores
  Maggie (D:9)
  An unseen horror (D:13)
  A tengu conjurer (D:13)
  A komodo dragon (D:10)
  4 trolls
  Grinder (D:5)
  11 slime creatures
  A meliai zombie (D:11)
  Sigmund (D:3)
  3 shadows
  19 yaks
  A vampire (D:9)
  4 wraiths
  A wyvern (D:10)
  A steam dragon (D:7)
  10 vampire mosquitoes
  A basilisk (D:8)
  3 wargs (D:11)
  An acid dragon (D:8)
  A water moccasin (D:7)
  Duvessa (D:5)
  Purgy (Sewer)
  3 orc warriors (D:10)
  2 sky beasts
  A black bear (D:4)
  2 necrophages (D:6)
  8 centaurs
  An ogre (D:5)
  2 bullfrogs
  A kobold brigand (D:9)
  A wyvern zombie (D:7)
  A scorpion (D:6)
  Dowan (D:5)
  4 killer bees (D:7)
  5 electric eels
  2 howler monkeys (D:10)
  3 centaur zombies
  A bullfrog zombie (D:6)
  3 orc priests (D:11)
  3 iguanas
  2 centaur skeletons
  Ijyb (D:3)
  Terence (D:3)
  7 orc wizards
  A troll simulacrum (D:13)
  2 wolf simulacra (D:13)
  4 gnolls (D:7)
  8 adders
  A river rat (D:3)
  2 white imps
  An ufetubus (D:7)
  An adder skeleton (D:4)
  2 worms (D:2)
  3 dart slugs
  29 orcs
  9 bats
  6 endoplasms
  A giant cockroach (D:2)
  12 goblins
  4 hobgoblins
  5 jackals
  6 quokkas
  11 ball pythons
  4 frilled lizards
  6 kobolds
  6 rats
259 creatures vanquished.

Vanquished Creatures (others)
  2 plants (D:8)
2 creatures vanquished.

Grand Total: 261 creatures vanquished

Notes
Turn   | Place    | Note
-------+----------+-------------------------------------------
     0 | D:1      | snetch the Minotaur Berserker began the quest for the Orb.
     0 | D:1      | Reached XP level 1. HP: 19/19 MP: 0/0
   173 | D:1      | Reached skill level 4 in Axes
   294 | D:1      | Found a faded altar of an unknown god.
   382 | D:1      | Reached XP level 2. HP: 25/27 MP: 1/1
   855 | D:3      | Noticed Sigmund
   861 | D:3      | Killed Sigmund
   862 | D:3      | Reached skill level 5 in Fighting
   862 | D:3      | Reached skill level 5 in Axes
   862 | D:3      | Reached skill level 1 in Maces & Flails
   862 | D:3      | Reached XP level 3. HP: 36/36 MP: 2/2
   862 | D:3      | Reached XP level 4. HP: 42/42 MP: 3/3
   862 | D:3      | Reached XP level 5. HP: 48/48 MP: 4/4
   922 | D:3      | Reached ** piety under Trog
   948 | D:3      | Found a glowing drain.
   952 | Sewer    | Entered a sewer
  1030 | Sewer    | Noticed Purgy
  1040 | Sewer    | Killed Purgy
  1041 | Sewer    | Reached XP level 6. HP: 56/56 MP: 5/5
  1183 | D:3      | Noticed Ijyb
  1187 | D:3      | Killed Ijyb
  1188 | D:3      | Reached skill level 1 in Polearms
  2129 | D:2      | Found a basalt altar of Yredelemnul.
  2203 | D:3      | Noticed Terence
  2210 | D:3      | Killed Terence
  2501 | D:2      | Reached *** piety under Trog
  3014 | D:3      | Found a hazy altar of Hepliaklqana.
  3716 | D:4      | Reached XP level 7. HP: 63/63 MP: 6/6
  3828 | D:5      | Entered Level 5 of the Dungeon
  3947 | D:4      | Found a sacrificial altar of Ru.
  4263 | D:5      | Noticed a wraith
  4275 | D:5      | Killed a wraith
  4276 | D:5      | Reached skill level 5 in Armour
  4440 | D:5      | Reached skill level 5 in Polearms
  4472 | D:5      | Noticed Duvessa
  4472 | D:5      | Noticed Dowan
  4482 | D:5      | Killed Duvessa
  4483 | D:5      | Reached XP level 8. HP: 42/71 MP: 7/7
  4496 | D:5      | Killed Dowan
  4842 | D:5      | Noticed Grinder
  4858 | D:5      | Killed Grinder
  4859 | D:5      | Reached skill level 6 in Axes
  4859 | D:5      | Reached skill level 1 in Stealth
  5566 | D:6      | Reached skill level 7 in Axes
  5893 | D:7      | Reached XP level 9. HP: 65/79 MP: 8/8
  6003 | D:7      | Found a staircase to the Ecumenical Temple.
  6207 | D:7      | Reached skill level 8 in Axes
  6259 | D:8      | Reached skill level 9 in Axes
  6505 | D:7      | Found a stormy altar of Qazlal.
  6505 | D:7      | Found an ornate altar of the Wu Jian Council.
  6506 | D:7      | Found an opulent altar of Gozag.
  6570 | D:7      | Found a glowing golden altar of the Shining One.
  6622 | Temple   | Entered the Ecumenical Temple
  6908 | D:7      | Found a radiant altar of Vehumet.
  6951 | D:7      | Found a burning altar of Makhleb.
  7445 | D:8      | Noticed a manticore
  7450 | D:8      | Killed a manticore
  7451 | D:8      | Reached skill level 10 in Axes
  7715 | D:8      | Reached **** piety under Trog
  8553 | D:8      | Reached skill level 1 in Throwing
  8553 | D:8      | Reached XP level 10. HP: 47/90 MP: 9/9
  8866 | D:9      | Reached skill level 1 in Evocations
  9088 | D:9      | Reached skill level 5 in Dodging
  9094 | D:9      | Reached skill level 11 in Axes
  9268 | D:9      | HP: 3/91 [something (3)]
  9627 | D:10     | Entered Level 10 of the Dungeon
  9652 | D:9      | Noticed a two-headed ogre
  9659 | D:9      | Killed a two-headed ogre
 10507 | D:9      | Noticed Maggie
 10521 | D:9      | Killed Maggie
 10696 | D:9      | Noticed a two-headed ogre
 10704 | D:9      | Killed a two-headed ogre
 11054 | D:10     | Found a staircase to the Orcish Mines.
 11270 | D:10     | Reached XP level 11. HP: 84/99 MP: 10/10
 11711 | D:10     | Reached skill level 10 in Fighting
 12113 | D:11     | Identified the ring of Erphujaq {Wiz Str+3}
 12449 | D:11     | Noticed a two-headed ogre
 12457 | D:11     | Killed a two-headed ogre
 12696 | D:11     | Reached skill level 12 in Axes
 13165 | D:11     | Found a staircase to the Lair.
 13373 | D:12     | Noticed a five-headed hydra
 13381 | D:12     | Killed a five-headed hydra
 13396 | D:12     | Noticed a deep elf pyromancer
 13411 | D:11     | Killed a deep elf pyromancer
 13820 | D:11     | Reached skill level 10 in Armour
 13964 | D:12     | Found Piytus's Weapon Shop.
 14032 | D:12     | Reached skill level 5 in Maces & Flails
 14438 | D:12     | Noticed a centaur warrior
 14449 | D:12     | Reached XP level 12. HP: 91/110 MP: 11/11
 14455 | D:12     | Killed a centaur warrior
 14472 | D:12     | Noticed a two-headed ogre
 14479 | D:12     | Killed a two-headed ogre
 14677 | D:12     | Reached skill level 13 in Axes
 15110 | D:13     | Noticed a tengu warrior
 15136 | D:13     | Killed a tengu warrior
 15137 | D:13     | Reached skill level 1 in Shields
 15147 | D:13     | Found a frozen archway.
 15149 | D:13     | HP: 3/112 [spriggan simulacrum (9)]
 15150 | D:13     | Mangled by a two-headed ogre simulacrum

Illustrated notes

Levels and vault maps discovered:
D:1:      minmay_arrival_stone_box, layout_basic, ebering_ecumenical_altar_webs,
          minivault_27
D:2:      minmay_razor_zed, layout_basic, basic_altar, hex_medium
D:3:      layout_rooms, nzn_hepliaklqana_mist_gate, gup_sewer_entry_bowl,
          roderic_roman_lattice, grunt_decor_arrowhead, fountainhead,
          uniq_terence, uniq_sigmund, uniq_ijyb
D:4:      layout_rooms, lemuel_tele_altar
D:5:      layout_basic, kennysheep_generic_room_16, uniq_duvessa, uniq_grinder
D:6:      layout_gridville
D:7:      layout_basic, pf_just_have_faith, nicolae_overflow_quartered_altars,
          lightli_temple_of_fire, minmay_temple_entry_arrows, bh_walls_and_bars
D:8:      layout_gridville, serial_bayou_pond_d, disabler_island
D:9:      layout_stronghold, st_stairs_3, uniq_maggie
D:10:     layout_long_grid, david_orc_2
D:11:     layout_long_grid, erik_lair_orcish_takeover, due_unseen_surprise
D:12:     layout_cave_pools, serial_shops, shop
D:13:     layout_basic, david_vaults_4, portal_ice_cave_entry_ice_simulacra,
          cheibriados_altar_1
Temple:   minmay_temple_curvy_branch

Skill      XL: |  1  2  3  4  5  6  7  8  9 10 11 12 |
---------------+-------------------------------------+-----
Axes           | 4 5 7 10 11 12 13 | 13.6
Fighting       | 5 6 7 8 9 11 | 11.9
Maces & Flails | 1 2 5 |  5.5
Armour         | 3 4 5 6 7 9 10 | 10.4
Polearms       | 2 5 7 8 |  8.0
Dodging        | 3 4 5 6 7 |  7.5
Stealth        | 1 2 |  2.7
Throwing       | 1 2 3 |  3.0
Evocations     | 1 2 |  2.0
Shields        | 1 |  1.0

Action                   |  1- 3 |  4- 6 |  7- 9 | 10-12 || total
-------------------------+-------+-------+-------+-------++-------
Melee: Hand axe          |    32 |       |       |       ||    32
       Headbutt          |     9 |    14 |    32 |    76 ||   131
       Mace              |     5 |     4 |       |       ||     9
       Scythe            |       |   129 |     9 |    30 ||   168
       War axe           |       |       |   131 |   187 ||   318
       Morningstar       |       |       |       |    67 ||    67
Throw: Boomerang         |       |       |    18 |    10 ||    28
Invok: Berserk           |     1 |     1 |     4 |     7 ||    13
       Trog's Hand       |       |       |     3 |     5 ||     8
       Brothers in Arms  |       |       |       |     1 ||     1
 Abil: Evoke Invisibilit |       |       |       |     1 ||     1
Evoke: Wand              |       |       |    10 |     2 ||    12
  Use: Potion            |       |       |       |     2 ||     2
       Scroll            |       |       |       |     1 ||     1
 Stab: Invisible         |       |       |       |     3 ||     3
Armor: Scale mail        |    16 |    54 |       |       ||    70
       Plate armour      |       |    38 |    19 |       ||    57
       Ring mail         |       |       |    63 |    40 ||   103
       Swamp dragon scal |       |       |       |   133 ||   133
       Skin              |       |       |       |     2 ||     2
Dodge: Dodged            |    22 |    95 |    92 |   267 ||   476
Block: Kite shield       |       |       |       |    29 ||    29

Table legend: (Time is in decaauts)
 A = Elapsed time spent in this place.
 B = Non-inter-level travel time spent in this place.
 C = Inter-level travel time spent in this place.
 D = Time resting spent in this place.
 E = Time spent auto-exploring this place.
 F = Levels seen in this place.
 G = Mean time per level.
                   A        B        C        D        E       F      G
               +--------+--------+--------+--------+--------+-----+--------+
         Total |  15471 |  13899 |   1572 |   1015 |  10297 |  15 | 1031.4 |
       Dungeon |  14934 |  13365 |   1569 |    960 |  10000 |  13 | 1148.8 |
        Temple |    265 |    262 |      3 |      0 |    261 |   1 |  265.0 |
         Sewer |    271 |    271 |      0 |     55 |     36 |   1 |  271.0 |
               +--------+--------+--------+--------+--------+-----+--------+

Top non-repeatable levels by time:
     D:9: 2401 daAuts
    D:11: 1795 daAuts
     D:8: 1615 daAuts
     D:1: 1500 daAuts
     D:7: 1257 daAuts
    D:10: 1107 daAuts
     D:2: 1005 daAuts
     D:5: 988 daAuts
     D:3: 871 daAuts
    D:12: 733 daAuts
     D:6: 731 daAuts
     D:4: 674 daAuts
   Sewer: 271 daAuts
  Temple: 265 daAuts
    D:13: 252 daAuts
